 Dungeon Crawl Stone Soup version 0.28-a0-1117-g0bdd5ba030 (webtiles) character file.

Game seed: 12818080880598431842

2047 devnull the Fighter (level 9, -2/85 HPs)
             Began as a Ghoul Gladiator on Dec 11, 2021.
             Was an Initiate of Ashenzari.
             Slain by Joseph (17 damage)
             ... on level 7 of the Dungeon.
             The game lasted 00:17:02 (6964 turns).

devnull the Fighter (Ghoul Gladiator)               Turns: 6964, Time: 00:17:03

Health: -2/85      AC: 10    Str: 22    XL:     9   Next: 24%
Magic:  8/8        EV: 12    Int:  5    God:    Ashenzari [......]
Gold:   303        SH:  3    Dex: 10    Spells: 8/8 levels left

rFire   . . .      SeeInvis .   a - +1 war axe
rCold   + + .      Faith    .   l - +0 buckler
rNeg    + + +      Spirit   .   r - +1 ring mail of Ceguib {rC+ rN+ Int+2}
rPois   ∞          Reflect  .   q - +2 helmet
rElec   .          Harm     .   (no cloak)
rCorr   .          Rampage  .   c - +0 pair of gloves
Will    .....                   (no boots)
Stlth   ..........              (no amulet)
HPRegen 0.00/turn               h - ring of flight
MPRegen 0.11/turn               (no ring)

@: flying, inhibited regen
A: claws 1, cold resistance 1, negative energy resistance 3, inhibited
regeneration, torment resistance 2
a: Renounce Religion


You were on level 7 of the Dungeon.
You worshipped Ashenzari.
Ashenzari was noncommittal.
You visited 2 branches of the dungeon, and saw 8 of its levels.

You collected 303 gold pieces.

Inventory:

Hand Weapons
 a - a +1 war axe (weapon)
Missiles
 d - 3 throwing nets (quivered)
 y - 4 poisoned darts
Armour
 b - a +0 leather armour
 c - a +0 pair of gloves (worn)
 l - a +0 buckler (worn)
 m - a +0 ring mail
 q - a +2 helmet (worn)
 r - the +1 ring mail of Ceguib (worn) {rC+ rN+ Int+2}
   (You took it off an orc on level 5 of the Dungeon)

   Int:       It affects your intelligence (+2).
   rC:        It protects you from cold.
   rN:        It protects you from negative energy.
Jewellery
 f - a ring of ice
 h - a ring of flight (left hand)
 p - a ring of wizardry
Wands
 t - a wand of flame (14)
Scrolls
 e - 3 scrolls of magic mapping
 g - a scroll of torment
 o - a scroll of teleportation
 s - a scroll of blinking {unknown}
 u - 2 scrolls of vulnerability {unknown}
 v - a scroll of amnesia {unknown}
 w - a scroll of summoning {unknown}
 x - a scroll of holy word {unknown}
Potions
 i - 3 potions of might {unknown}
 j - 4 potions of heal wounds {unknown}
 k - 4 potions of curing
 n - a potion of berserk rage {unknown}


   Skills:
 + Level 9.9 Fighting
 + Level 6.9 Axes
 - Level 1.7 Throwing
 + Level 6.9 Dodging
 + Level 6.2 Evocations


You had 8 spell levels left.
You didn't know any spells.
Your spell library contained the following spells:

 Spells                   Type           Power      Damage    Failure   Level
 Blink                    Tloc           0%         N/A       92%         2
 Corpse Rot               Necr/Air       0%         N/A       92%         2
 Ensorcelled Hibernation  Hex/Ice        0%         N/A       92%         2
 Poisonous Vapours        Pois/Air       0%         N/A       92%         2
 Dazzling Flash           Conj/Hex       0%         N/A       99%         3
 Lesser Beckoning         Tloc           0%         N/A       99%         3
 Tukima's Dance           Hex            0%         N/A       99%         3
 Fulminant Prism          Conj/Hex       0%         3d6       100%        4
 Iskenderun's Mystic Bla  Conj/Tloc      0%         2d3       100%        4
 Passage of Golubria      Tloc           0%         N/A       100%        4
 Manifold Assault         Tloc           0%         N/A       100%        5
 Yara's Violent Unravell  Hex/Tmut       0%         3d3       100%        5
 Starburst                Conj/Fire      0%         6d3       100%        6


Dungeon Overview and Level Annotations

Branches:
Dungeon (7/15)             Temple (1/1) D:6

Altars:
Ashenzari
Cheibriados
Dithmenos
Elyvilon
Gozag
Hepliaklqana
Kikubaaqudgha
Makhleb
Okawaru
Qazlal
Ru
Sif Muna
Uskayaw
Vehumet
Wu Jian
Xom
Zin
The Shining One

Shops:
D:4 *

Annotations:
D:7 Joseph


Innate Abilities, Weirdness & Mutations

You thrive by killing the living.
You are immune to poison.
You have sharp fingernails.
Your flesh is cold resistant. (rC+)
You are immune to negative energy. (rN+++)
You do not regenerate when monsters are visible.
You are immune to unholy pain and torment.


Message History

Unknown command.
Unknown command.
Unknown command.
Okay, then.
Unknown command.
Okay, then.
Okay, then.
Unknown command.
Okay, then.
Unknown command.
Aiming: Throw Flame
Press: ? - help, Shift-Dir - straight line, f - Joseph
Aim: Joseph, wielding a +6 quarterstaff of speed, wearing a +0 leather armour and quivering sling bullets (74% to hit)
The puff of flame hits Joseph!
Joseph is lightly wounded.
Joseph hits you with a +6 quarterstaff of speed. x2
As you read the scroll of torment, it crumbles to dust.
You feel a surge of unholy energy.
Joseph convulses!
Joseph hits you with a +6 quarterstaff of speed!
You hit Joseph.
Joseph is severely wounded.
Joseph hits you with a +6 quarterstaff of speed.
Joseph hits you but does no damage.
You closely miss Joseph.
Joseph is severely wounded.
Joseph hits you with a +6 quarterstaff of speed!
Joseph hits you with a +6 quarterstaff of speed.
You hit Joseph.
Joseph is severely wounded.
Joseph hits you with a +6 quarterstaff of speed!
* * * LOW HITPOINT WARNING * * *
Joseph hits you with a +6 quarterstaff of speed!
* * * LOW HITPOINT WARNING * * *
Unknown command.
Okay, then.
Okay, then.
Okay, then.
It was a potion of curing.
You feel better.
Joseph hits you with a +6 quarterstaff of speed!
You die...

#.#.## ##.#...
######## ...#.._
......# .#.#... #....#
#.#.#.##
#....##..#.....
####....#..##.####
###.)$....#.##......
#.@@#.###........#.#
..............†.#.####
# ##........###...#.#
.......##.# ###.#.#
#../... ### ##...
#...... #.. #......
##.. ####... #.


You could see Joseph.

Vanquished Creatures
  Prince Ribbit (D:7)
  An orc warrior (D:5)
  Duvessa (D:4)
  A sky beast (D:5)
  An ice beast (D:6)
  3 black bears
  A necrophage (D:4)
  A phantom (D:6)
  A kobold brigand (D:6)
  A wyvern skeleton (D:7)
  Dowan (D:4)
  A howler monkey (D:5)
  4 hounds
  2 jellies
  A centaur skeleton (D:4)
  An orc priest (D:4)
  Ijyb (D:3)
  Jessica (D:3)
  4 iguanas
  3 orc wizards
  A hound skeleton (D:4)
  4 adders
  A howler monkey skeleton (D:6)
  A shadow imp (D:6)
  A white imp (D:5)
  2 dart slugs (D:1)
  22 orcs
  2 ball pythons
  3 bat zombies (D:4)
  3 endoplasms
  5 giant cockroaches
  9 goblins
  7 hobgoblins
  5 jackals
  2 quokkas
  7 bats
  2 frilled lizards
  11 kobolds
  5 rats
  2 rat zombies (D:4)
  A spectral goblin (D:3)
127 creatures vanquished.

Notes
Turn   | Place    | Note
-------+----------+-------------------------------------------
     0 | D:1      | devnull the Ghoul Gladiator began the quest for the Orb.
     0 | D:1      | Reached XP level 1. HP: 17/17 MP: 0/0
   130 | D:1      | Reached XP level 2. HP: 25/25 MP: 1/1
   386 | D:1      | Reached XP level 3. HP: 30/30 MP: 2/2
   433 | D:1      | Reached skill level 1 in Evocations
   543 | D:1      | Found a faded altar of an unknown god.
  1316 | D:2      | Reached XP level 4. HP: 37/37 MP: 3/3
  1319 | D:2      | Reached skill level 3 in Fighting
  1561 | D:3      | Noticed Jessica
  1682 | D:3      | Killed Jessica
  2007 | D:3      | Reached XP level 5. HP: 45/45 MP: 4/4
  2276 | D:3      | Found a hazy altar of Hepliaklqana.
  2465 | D:4      | Found an opulent altar of Gozag.
  2531 | D:4      | Reached skill level 9 in Fighting
  2531 | D:4      | Reached skill level 5 in Evocations
  2531 | D:4      | Reached XP level 6. HP: 63/63 MP: 5/5
  2532 | D:4      | Found Gozag's Platinum Reserve.
  2574 | D:4      | Noticed Ijyb
  2574 | D:4      | Noticed Duvessa
  2614 | D:4      | Identified the +0 robe of the Thistle {Fly rPois rF-}
  3086 | D:4      | Found an ancient bone altar of Kikubaaqudgha.
  3129 | D:4      | Reached XP level 7. HP: 66/70 MP: 6/6
  3375 | D:4      | Found a burning altar of Makhleb.
  3555 | D:4      | Noticed Dowan
  3887 | D:3      | Killed Ijyb
  4011 | D:4      | Killed Dowan
  4014 | D:4      | Killed Duvessa
  4247 | D:5      | Entered Level 5 of the Dungeon
  4356 | D:5      | Reached XP level 8. HP: 74/78 MP: 7/7
  4693 | D:5      | Found a shimmering altar of Xom.
  5165 | D:5      | Identified the +1 ring mail of Ceguib {rC+ rN+ Int+2}
  5757 | D:6      | Found a hide-covered altar of Uskayaw.
  6007 | D:6      | Found a staircase to the Ecumenical Temple.
  6143 | Temple   | Entered the Ecumenical Temple
  6202 | Temple   | Became a worshipper of Ashenzari the Shackled
  6270 | D:6      | Got Ajaamno's Catalogue of Malediction and Translocation
  6595 | D:6      | Reached XP level 9. HP: 82/85 MP: 8/8
  6690 | D:6      | Found an iron altar of Okawaru.
  6855 | D:7      | Noticed Prince Ribbit
  6872 | D:7      | Killed Prince Ribbit
  6951 | D:7      | Noticed Joseph
  6964 | D:7      | Slain by Joseph

Illustrated notes

Levels and vault maps discovered:
D:1:      matt_arrival_spirals, layout_rooms, ebering_ecumenical_altar_abandoned
D:2:      layout_loops_ring
D:3:      layout_basic, nicolae_hepliaklqana_monster_ancestors, uniq_jessica
D:4:      layout_layer_cave, nicolae_gozag_zags_fifth_avenue,
          lemuel_zombie_altar_kikubaaqudgha,
          mainiacjoe_overflow_six_doors_small, uniq_ijyb, uniq_duvessa
D:5:      layout_basic, nicolae_overflow_crystal_walls
D:6:      layout_loops_ring, okawaru_altar_gauntlet_db,
          mainiacjoe_overflow_surrounded_room, minmay_temple_entry_nine_rooms
D:7:      kennysheep_steamy, layout_rooms, mainiacjoe_overflow_cross_hatched,
          mainiacjoe_overflow_catwalk_spiral, serial_park_tiny_pond,
          uniq_menkaure, uniq_prince_ribbit1, uniq_joseph
Temple:   eino_wide_crystal_templ

Skill      XL: |  1  2  3  4  5  6  7  8 |
---------------+-------------------------+-----
Dodging        | 3 6 |  6.9
Axes           | 3 6 |  6.9
Evocations     | 1 5 6 |  6.2
Fighting       | 3 9 |  9.9
Throwing       | |  1.7

Action                   |  1- 3 |  4- 6 |  7- 9 || total
-------------------------+-------+-------+-------++-------
Melee: War axe           |    79 |    97 |   237 ||   413
Evoke: Wand              |       |       |    11 ||    11
  Use: Scroll            |       |     5 |     1 ||     6
       Potion            |       |     1 |     1 ||     2
Armor: Leather armour    |    34 |       |       ||    34
       Ring mail         |       |    58 |   122 ||   180
Dodge: Dodged            |    76 |    71 |   162 ||   309
Block: Buckler           |     2 |    17 |    41 ||    60

Table legend: (Time is in decaauts)
 A = Elapsed time spent in this place.
 B = Non-inter-level travel time spent in this place.
 C = Inter-level travel time spent in this place.
 D = Time resting spent in this place.
 E = Time spent auto-exploring this place.
 F = Levels seen in this place.
 G = Mean time per level.
                   A        B        C        D        E       F      G
               +--------+--------+--------+--------+--------+-----+--------+
         Total |   7097 |   6753 |    344 |    481 |   4962 |   8 |  887.1 |
       Dungeon |   7021 |   6700 |    321 |    481 |   4918 |   7 | 1003.0 |
        Temple |     75 |     53 |     22 |      0 |     44 |   1 |   75.0 |
               +--------+--------+--------+--------+--------+-----+--------+

Top non-repeatable levels by time:
     D:4: 1407 daAuts
     D:5: 1320 daAuts
     D:3: 1315 daAuts
     D:6: 1223 daAuts
     D:2: 828 daAuts
     D:1: 778 daAuts
     D:7: 147 daAuts
  Temple: 75 daAuts
